 Dungeon Crawl Stone Soup version 0.29.0-4-gdea44cf6ec (webtiles) character file.

Game seed: 7983089943685748580

9 LunaticDancer the Grave Robber (level 2, -1/20 HPs)
             Began as a Ghoul Necromancer on Aug 27, 2022.
             Slain by a jackal (3 damage)
             ... on level 1 of the Dungeon.
             The game lasted 00:09:18 (490 turns).

LunaticDancer the Grave Robber (Ghoul Necromancer)   Turns: 490, Time: 00:09:18

Health: -1/20      AC:  2    Str: 11    XL:     2   Next: 12%
Magic:  0/3        EV: 12    Int: 10    God:
Gold:   11         SH:  0    Dex:  9    Spells: 3/4 levels left

rFire   . . .      SeeInvis .   e - +0 club
rCold   + . .      Faith    .   (no shield)
rNeg    + + +      Spirit   .   a - +0 robe
rPois   ∞          Reflect  .   (no helmet)
rElec   .          Harm     .   (no cloak)
rCorr   .          Rampage  .   (no gloves)
Will    .....                   (no boots)
Stlth   ++........              (no amulet)
HPRegen 0.00/turn               (no ring)
MPRegen 0.08/turn               (no ring)

@: inhibited regen
A: claws 1, cold resistance 1, negative energy resistance 3, inhibited
regeneration, torment resistance 2, devour on kill
a: no special abilities


You were on level 1 of the Dungeon.
You visited 1 branch of the dungeon, and saw 1 of its levels.

You collected 11 gold pieces.

Inventory:

Hand Weapons
 e - a +0 club (weapon)
Armour
 a - a +0 robe (worn)
Scrolls
 c - 2 scrolls of fear {unknown}
 d - a scroll of identify {unknown}
 f - a scroll of poison {unknown}
Potions
 b - a potion of magic


   Skills:
 * Level 2.0 Dodging
 - Level 2.1 Stealth
 + Level 1.9 Spellcasting
 + Level 4.2 Necromancy


You had 3 spell levels left.
You knew the following spells:

 Your Spells              Type           Power      Damage    Failure   Level
a - Necrotise             Necr           36%        1d5       5%          1

Your spell library contained the following spells:

 Spells                   Type           Power      Damage    Failure   Level
 Vampiric Draining        Necr           9%         2d6       17%         3
 Animate Dead             Necr           9%         N/A       50%         4
 Agony                    Necr           9%         N/A       83%         5


Dungeon Overview and Level Annotations

Branches:
Dungeon (1/15)

Altars:


Innate Abilities, Weirdness & Mutations

You are immune to poison.
You have sharp fingernails.
Your flesh is cold resistant. (rC+)
You are immune to negative energy. (rN+++)
You do not regenerate when monsters are visible.
You are immune to unholy pain and torment.
You thrive by killing the living.


Message History

The jackal bites you. The jackal closely misses you.
The jackal barely misses you. The jackal misses you.
You closely miss the jackal.
The jackal is almost dead.
The jackal bites you. x4
You hit the jackal.
You kill the jackal!
You feel better. The jackal bites you. The jackal misses you.
You barely miss the jackal. The jackal completely misses you.
The jackal closely misses you.
You barely miss the jackal. The jackal misses you. x2
You barely miss the jackal. The jackal bites you.
The jackal closely misses you.
You closely miss the jackal. The jackal closely misses you.
You closely miss the jackal. The jackal closely misses you.
The jackal bites you.
Casting: Necrotise (safe; 5% risk of failure)
Confirm with . or Enter, or press ? or * to list all spells.
Aiming: Necrotise (safe; 5% risk of failure)
Press: ? - help, Shift-Dir - straight line, f - jackal
Aim: a jackal (chance to affect: 76%)
The jackal barely resists.
The jackal barely misses you. The jackal bites you.
* * * LOW HITPOINT WARNING * * *
Unknown command.
You closely miss the jackal.
The jackal bites you but does no damage.
You closely miss the jackal. The jackal completely misses you.
The jackal bites you.
* * * LOW HITPOINT WARNING * * *
You closely miss the jackal. The jackal closely misses you. x2
You hit the jackal.
The jackal is lightly wounded.
The jackal bites you.
* * * LOW HITPOINT WARNING * * *
The jackal bites you.
* * * LOW HITPOINT WARNING * * *
You hit the jackal.
The jackal is moderately wounded.
The jackal closely misses you. The jackal bites you.
You die...

#####.....#####..#.
.....#...#....... .
###...#.#...####. #
......#..#.# .
#...#....... . #......
.... . #....###.. ##
#..###....#... ..
#....h@.$##.# ####
#.####......##### #...
.............#....#.##
.#######.###.#........
#.#.#.#...##.##
#.#>#.#.. #.# #.#...#.
#.# #.#.#.# #.#
#.#...# #.#


You could see a jackal.

Vanquished Creatures
  A giant cockroach (D:1)
  A hobgoblin (D:1)
  A jackal (D:1)
  A quokka (D:1)
  3 ball pythons (D:1)
7 creatures vanquished.

Vanquished Creatures (collateral kills)
  An endoplasm (D:1)
1 creature vanquished.

Grand Total: 8 creatures vanquished

Notes
Turn   | Place    | Note
-------+----------+-------------------------------------------
     0 | D:1      | LunaticDancer the Ghoul Necromancer began the quest for the
                  | Orb.
     0 | D:1      | Reached XP level 1. HP: 14/14 MP: 2/2
   475 | D:1      | Reached XP level 2. HP: 17/20 MP: 1/3
   490 | D:1      | Slain by a jackal

Illustrated notes

Levels and vault maps discovered:
D:1:      scummos_arrival_star, layout_basic, basic_ecumenical_altar,
          serial_shops, shop, st_stairs_11

Skill      XL: |  1 |
---------------+----+-----
Dodging        | 2 |  2.0
Stealth        | |  2.1
Spellcasting   | |  1.9
Necromancy     | |  4.2

Action                   || total
-------------------------++-------
Melee: Club              ||    26
       Unarmed           ||     6
Throw: Stone             ||     4
 Cast: Necrotise         ||    11
Armor: Robe              ||     7
Dodge: Dodged            ||    34
